 Dungeon Crawl Stone Soup version 0.31.0-11-ge490571c62 (webtiles) character file.

Game seed: 9238518021517066109

175 jasper the Cleaver (level 5, -4/45 HPs)
             Began as a Hill Orc Cinder Acolyte on Jan 25, 2024.
             Was an Elder of Ignis.
             Slain by an ogre
             ... wielding a +0 giant spiked club
              (19 damage)
             ... on level 4 of the Dungeon on Jan 26, 2024.
             The game lasted 00:06:25 (2402 turns).

jasper the Cleaver (Hill Orc Cinder Acolyte)        Turns: 2402, Time: 00:06:26

Health: -4/45      AC: 17    Str: 19    XL:     5   Next: 55%
Magic:  6/6        EV:  4    Int: 14    God:    Ignis [****..]
Gold:   80         SH:  6    Dex:  6    Spells: 6/6 levels left

rFire   + . .        a - -1 hand axe (flame)
rCold   . . .        h - +3 buckler
rNeg    . . .        c - +0 plate armour
rPois   .            (no helmet)
rElec   .            (no cloak)
rCorr   .            (no gloves)
SInv    .            (no boots)
Will    .....        (no amulet) Stlth
                     (no ring)
HPRegen 0.27/turn    (no ring)
MPRegen 0.10/turn

%: no passive effects
@: fiery-armoured
A: no striking features
a: Renounce Religion, Fiery Armour, Foxfire Swarm, Rising Flame


You were on level 4 of the Dungeon.
You worshipped Ignis.
Ignis was greatly pleased with you.
You visited 1 branch of the dungeon, and saw 4 of its levels.
You also visited: Sewer.

You collected 106 gold pieces.
You spent 26 gold pieces at shops.

Inventory:

Hand Weapons
 a - a -1 hand axe of flaming (weapon)
 f - a +0 whip of electrocution
 g - a +1 dagger of venom
Missiles
 p - 2 silver javelins
 s - 5 javelins
Armour
 b - a +0 robe
 c - a +0 plate armour (worn)
 d - a +0 scale mail
 h - a +3 buckler (worn)
Wands
 e - a wand of digging (3)
Scrolls
 k - a scroll of enchant armour
 n - 2 scrolls of teleportation
Potions
 i - a potion of heal wounds
 j - a potion of curing
 l - a potion of lignification
 m - a potion of mutation {unknown}
 o - a potion of invisibility {unknown}
 q - a potion of brilliance {unknown}


   Skills:
 - Level 3.6 Fighting
 + Level 8.0 Axes
 - Level 1.0 Spellcasting
 - Level 3.2 Fire Magic


You had 6 spell levels left.
You didn't know any spells.
Your spell library contained the following spells:

 Spells                   Type           Power      Damage    Failure   Level
 Scorch                   Fire           18%        2d5       99%         2
 Lesser Beckoning         Tloc           0%         N/A       100%        2
 Gell's Gravitas          Tloc           0%         N/A       100%        3
 Teleport Other           Tloc           0%         N/A       100%        3


Dungeon Overview and Level Annotations

Branches:
Dungeon (4/15)              Sewer (visited)
 Temple: D:4-7

Altars:

Shops:
D:4 *=

Annotations:
D:2 Sigmund


Message History

The stone barely misses the ball python.
The ball python bites you. The ball python grabs you.
The ball python constricts you.
You slash the ball python! You burn the ball python.
You kill the ball python!
You see here a ball python corpse.
Found Agebintu's Assorted Antiques.
There is an entrance to Agebintu's Assorted Antiques here.
t - a scroll labelled BOTRAI QUJEUD Thank you for shopping at Agebintu's Assorted Antiques!
You can access your shopping list by pressing '$'.
As you read the scroll labelled BOTRAI QUJEUD, it crumbles to dust.
You hear a loud clanging noise!
It was a scroll of noise.
You hear a shout! x3
An ogre comes into view. It is wielding a +0 giant spiked club.
The ogre shouts!
A protective cloak of flame settles atop you.
You throw a stone. The stone barely misses the ogre.
Okay, then.
You hit the ogre but do no damage. The ogre completely misses you.
You hit the ogre. You burn the ogre.
The ogre is lightly wounded.
An endoplasm comes into view.
You block the ogre's attack.
You hit the ogre but do no damage.
The ogre is lightly wounded.
You hit the ogre but do no damage.
The ogre is lightly wounded.
The ogre hits you with a +0 giant spiked club!!
Ouch! That really hurt!
The ogre is burned by your cloak of flames.
The ogre is moderately wounded.
You hit the ogre. You burn the ogre.
The ogre is heavily wounded.
You barely miss the endoplasm. The endoplasm freezes you.
You are frozen.
The ogre hits you with a +0 giant spiked club!!
You die...

#. ###.........##'##
.##.##.####............
..........#............
..........+............
........#.#............
.........∩.............
........#.#............
........J.#............
......O@..#...........
.#####....#..........
#....#.........
.....#........
......#........
.......# ........#
.........#


You could see an ogre and an endoplasm.

Vanquished Creatures
  An orc priest (D:3)
  Jessica (D:2)
  A hell rat (Sewer)
  2 river rats (Sewer)
  A ribbon worm (D:3)
  5 orcs (D:3)
  8 ball pythons
  5 endoplasms
  2 giant cockroaches (D:1)
  6 hobgoblins
  7 jackals
  4 quokkas
  7 bats
  A frilled lizard (D:1)
  2 goblins (D:1)
  4 kobolds
  9 rats
66 creatures vanquished.

Notes
Turn   | Place    | Note
-------+----------+-------------------------------------------
     0 | D:1      | jasper the Hill Orc Cinder Acolyte began the quest for the
                  | Orb.
     0 | D:1      | Reached XP level 1. HP: 19/19 MP: 2/2
   201 | D:1      | Upgraded the game from 0.31.0-10-gcf4a605ca0 to
                  | 0.31.0-11-ge490571c62
   269 | D:1      | Reached XP level 2. HP: 26/26 MP: 3/3
   364 | D:1      | Reached skill level 5 in Axes
  1109 | D:2      | Noticed Jessica
  1122 | D:2      | Killed Jessica
  1123 | D:2      | Reached skill level 6 in Axes
  1123 | D:2      | Reached XP level 3. HP: 29/31 MP: 4/4
  1171 | D:2      | Noticed Sigmund
  1213 | D:3      | Found a glowing drain.
  1226 | D:3      | Reached XP level 4. HP: 37/39 MP: 5/5
  1240 | Sewer    | Entered a sewer
  1380 | Sewer    | Reached skill level 7 in Axes
  1525 | D:3      | Reached XP level 5. HP: 30/45 MP: 6/6
  2087 | D:3      | Reached skill level 8 in Axes
  2347 | D:4      | Found Domiagur's Jewellery Shop.
  2380 | D:4      | Found Agebintu's Assorted Antiques.
  2389 | D:4      | Bought a scroll labelled BOTRAI QUJEUD for 26 gold pieces
  2392 | D:4      | Noticed an ogre
  2402 | D:4      | Slain by an ogre

Illustrated notes

Levels and vault maps discovered:
D:1:      dpeg_arrival_shrine, layout_loops_ring, serial_bayou,
          serial_bayou_pond_e, serial_bayou_pond_a, serial_bayou_lake_a,
          serial_bayou_ford_a, serial_bayou_crossing, serial_bayou_pond_d,
          nrook_mini_vaults
D:2:      layout_loops_corners, minmay_misc_feat_x, uniq_jessica, uniq_terence,
          uniq_sigmund
D:3:      layout_rooms, cheibrodos_sewer_entry_drain, roderic_serpentine_path,
          minmay_misc_feat_more_columns
D:4:      layout_gridville, slow_altar_2, serial_shops,
          nicolae_shop_competitors_out_of_business, nicolae_shop_crystal,
          nicolae_shop_crystal, shop

Skill      XL: |  1  2  3  4  5 |
---------------+----------------+-----
Axes           | 6 7 8 |  8.0
Fighting       | |  3.6
Spellcasting   | |  1.0
Fire Magic     | |  3.2

Action                     |  1- 3 |  4- 6 || total
---------------------------+-------+-------++-------
  Melee: Hand axe          |    92 |    89 ||   181
  Throw: Stone             |       |     4 ||     4
         Javelin           |       |     2 ||     2
 Invoke: Fiery Armour      |     1 |     3 ||     4
    Use: Scroll            |     3 |     8 ||    11
 Armour: Scale mail        |    61 |    68 ||   129
         Plate armour      |       |     3 ||     3
  Dodge: Dodged            |    49 |    36 ||    85
  Block: Buckler           |    12 |    36 ||    48
